 Dungeon Crawl Stone Soup version 0.30-a0-172-gc5509c9e31 (webtiles) character file.

Game seed: 10275775118308730101

35 drugrobin the Sneak (level 3, -2/30 HPs)
             Began as a Demigod Delver on Oct 2, 2022.
             Killed from afar by an orc wizard (7 damage)
             ... with a puff of flame
             ... on level 3 of the Dungeon.
             The game lasted 00:01:44 (381 turns).

drugrobin the Sneak (Demigod Delver)                 Turns: 381, Time: 00:01:44

Health: -2/30      AC:  3    Str: 17    XL:     3   Next: 4%
Magic:  4/5        EV: 12    Int: 12    God:
Gold:   27         SH:  0    Dex: 15    Spells: 1/2 levels left

rFire   . . .      SeeInvis .    a - +0 falchion
rCold   . . .      Faith    .    (no shield)
rNeg    . . .      Spirit   .    b - +0 leather armour
rPois   .          Reflect  .    (no helmet)
rElec   .          Harm     .    (no cloak)
rCorr   .          Rampage  .    (no gloves)
Will    .....                    (no boots)
Stlth   +.........               (no amulet)
HPRegen 0.25/turn                (no ring)
MPRegen 0.09/turn                (no ring)

@: confused
A: high MP 1, forlorn, divine attributes
a: no special abilities


You were on level 3 of the Dungeon.
You visited 1 branch of the dungeon, and saw 3 of its levels.

You collected 27 gold pieces.

Inventory:

Hand Weapons
 a - a +0 falchion (weapon)
Armour
 b - a +0 leather armour (worn)
 h - a +0 chain mail
Wands
 g - a wand of digging (3)
Scrolls
 c - a scroll of fog
 d - 2 scrolls of magic mapping
 e - a scroll of fear
 j - a scroll of identify {unknown}
Potions
 f - a potion of haste
 i - a potion of brilliance {unknown}


   Skills:
 - Level 2.6 Fighting
 + Level 3.3 Long Blades
 - Level 1.7 Dodging
 - Level 4.5 Stealth


You had one spell level left.
You knew the following spells:

 Your Spells              Type           Power      Damage    Failure   Level
a - Summon Small Mammal   Summ           0%         N/A       38%         1

Your spell library contained the following spells:

 Spells                   Type           Power      Damage    Failure   Level
 Call Canine Familiar     Summ           0%         N/A       77%         3
 Summon Guardian Golem    Hex/Summ       0%         N/A       77%         3


Dungeon Overview and Level Annotations

Branches:
Dungeon (5/15)
 Temple: D:4-7

Annotations:
D:4 Dowan, Duvessa


Innate Abilities, Weirdness & Mutations

You have an increased reservoir of magic. (+10% MP)
You shall have no god before yourself.
Your divine heritage dramatically boosts your attributes as you level up.


Message History

You hear some strange, mumbled words.
A puff of flame appears from out of thin air!
The puff of flame hits you.
Unknown command.
Something hits you but does no damage.
Unknown command.
You hear some strange, mumbled words.
You are more confused.
Unknown command.
Unknown command.
Something hits you.
* * * LOW HITPOINT WARNING * * *
Unknown command.
Unknown command.
Unknown command.
Something hits you but does no damage.
Unknown command.
Unknown command.
Something hits you.
* * * LOW HITPOINT WARNING * * *
Unknown command.
Unknown command.
Something hits you.
* * * LOW HITPOINT WARNING * * *
Unknown command.
Unknown command.
Unknown command.
Something hits you but does no damage.
Unknown command.
Unknown command.
Unknown command.
Something hits you.
* * * LOW HITPOINT WARNING * * *
Unknown command.
Unknown command.
Unknown command.
You hear some strange, mumbled words.
A puff of flame appears from out of thin air!
The puff of flame hits you!
You die...

#.# #.#
#.# #o.
#### #.#
... #.#
##.##
#.###...#
#...{.#.#
#.###@r.#
#.# #####
#)# #.#
#.# #.#
#.# #.#
#.#


You could see a friendly rat (summoned).

Vanquished Creatures
  2 adders (D:4)
  2 dart slugs
  4 orcs (D:4)
  A goblin (D:3)
  A quokka (D:4)
  A rat (D:3)
11 creatures vanquished.

Notes
Turn   | Place    | Note
-------+----------+-------------------------------------------
     0 | D:5      | drugrobin the Demigod Delver began the quest for the Orb.
     0 | D:5      | Reached XP level 1. HP: 18/18 MP: 3/3
    31 | D:4      | Noticed Duvessa
    64 | D:4      | Reached XP level 2. HP: 25/25 MP: 4/4
   172 | D:4      | Noticed Dowan
   281 | D:3      | Reached XP level 3. HP: 24/30 MP: 5/5
   344 | D:3      | Learned a level 1 spell: Summon Small Mammal
   381 | D:3      | Killed from afar by an orc wizard

Illustrated notes

Levels and vault maps discovered:
D:3:      layout_loops_ring, minmay_vboxes, uniq_crazy_yiuf_cottage,
          uniq_sigmund, uniq_robin
D:4:      gammafunk_wand_slinger, layout_basic, nicolae_qazlal_eye_of_the_storm,
          uniq_duvessa
D:5:      layout_basic, old_standard_altar, general_overflow_altar,
          serial_corexii_hall, corexii_hall_statues_u, corexii_hall_statues_l,
          chequers_hall_statues_y, chequers_hall_statues_y,
          kennysheep_generic_room_5

Skill      XL: |  1  2 |
---------------+-------+-----
Long Blades    | 2 3 |  3.3
Fighting       | |  2.6
Dodging        | |  1.7
Stealth        | |  4.5

Action                   || total
-------------------------++-------
Melee: Falchion          ||    42
       Punch             ||     1
 Cast: Summon Small Mamm ||     3
 Stab: Sleeping          ||     2
Armor: Leather armour    ||     7
Dodge: Dodged            ||    27

Table legend: (Time is in decaauts)
 A = Elapsed time spent in this place.
 B = Non-inter-level travel time spent in this place.
 C = Inter-level travel time spent in this place.
 D = Time resting spent in this place.
 E = Time spent auto-exploring this place.
 F = Levels seen in this place.
 G = Mean time per level.
                   A        B        C        D        E       F      G
               +--------+--------+--------+--------+--------+-----+--------+
         Total |    386 |    362 |     24 |     38 |     86 |   3 |  128.7 |
       Dungeon |    386 |    362 |     24 |     38 |     86 |   3 |  128.7 |
               +--------+--------+--------+--------+--------+-----+--------+

Top non-repeatable levels by time:
     D:4: 260 daAuts
     D:3: 107 daAuts
     D:5: 19 daAuts
